 Dungeon Crawl Stone Soup version 0.19.0-22-gd96e5fe (webtiles) character file.

1036 Eviona the Martial Artist (level 8, -6/59 HPs)
             Began as a Grey Draconian Transmuter on Nov 18, 2016.
             Was an Initiate of Cheibriados.
             Mangled by Kalaber's ghost (11 damage)
             ... on level 6 of the Dungeon.
             The game lasted 00:19:38 (5427 turns).

Eviona the Martial Artist (DrTm)                    Turns: 5427, Time: 00:19:38

Health: -6/59      AC: 12    Str: 19    XL:     8   Next: 4%
Magic:  2/11       EV: 13    Int: 14    God:    Cheibriados [......]
Gold:   162        SH:  0    Dex: 15    Spells: 3 memorised, 5 levels left

rFire  x . .     SeeInvis .       - Unarmed
rCold  + . .     Gourm    +     (armour unavailable)
rNeg   . . .     Faith    .     (no shield)
rPois  .         Spirit   .     (helmet restricted)
rElec  .         Reflect  .     m - +0 cloak
rCorr  +         Harm     .     (no gloves)
MR     .....                    (no boots)
Stlth  +.........               i - amulet of the gourmand
                                t - ring of ice
                                r - ring of resist corrosion

@: mighty, very slow
A: walk through water, unfitting armour, unbreathing, cold-blooded, AC +11
a: Bend Time, Renounce Religion


You were on level 6 of the Dungeon.
You worshipped Cheibriados.
Cheibriados was noncommittal.
You were full.

You visited 2 branches of the dungeon, and saw 7 of its levels.

You collected 162 gold pieces.

Inventory:

Missiles
 a - 65 arrows
 j - 171 stones (quivered)
Armour
 m - a +0 cloak (worn)
Jewellery
 g - a +4 ring of intelligence {unknown}
 i - an amulet of the gourmand (around neck)
 r - a ring of resist corrosion (left hand)
 t - a ring of ice (right hand)
Wands
 l - a wand of paralysis (19/24)
 q - a wand of confusion (30/48)
Scrolls
 n - 2 scrolls of remove curse
 w - 2 scrolls of identify
Potions
 e - 2 potions of lignification
 h - a potion of brilliance
 p - a potion of curing
 u - a potion of berserk rage {unknown}
 v - a potion of ambrosia {unknown}
 x - a potion of degeneration {unknown}
 z - a potion of agility {unknown}
Books
 b - a book of Changes

   Spells                             Type                      Level
   a - Beastly Appendage              Transmutation                1
   b - Sticks to Snakes               Transmutation                2
   c - Spider Form                    Transmutation/Poison         3
   d - Ice Form                       Ice/Transmutation            4
   e - Blade Hands                    Transmutation                5
 s - a book of Misfortune

   Spells                             Type                      Level
   a - Confusing Touch                Hexes                        1
   b - Confuse                        Hexes                        3
   c - Gell's Gravitas                Hexes/Translocation          3
   d - Petrify                        Transmutation/Earth          4
   e - Metabolic Englaciation         Hexes/Ice                    5
   f - Yara's Violent Unravelling     Hexes/Transmutation          5
Comestibles
 c - 7 bread rations
 f - 4 meat rations
 k - a beef jerky


   Skills:
 - Level 1.1 Fighting
 - Level 3.0 Dodging
 + Level 8.8 Unarmed Combat
 - Level 2.0 Spellcasting
 - Level 4.0 Transmutations


You had 5 spell levels left.
You knew the following spells:

 Your Spells              Type           Power        Failure   Level  Hunger
a - Beastly Appendage     Tmut           ##....       4%          1    ##.....
b - Spider Form           Tmut/Pois      #.........   30%         3    ####...
c - Sticks to Snakes      Tmut           ##......     10%         2    ###....


Dungeon Overview and Level Annotations

Branches:
Dungeon (6/15)             Temple (1/1) D:5

Altars:
Ashenzari
Cheibriados
Dithmenos
Elyvilon
Fedhas
Gozag
Hepliaklqana
Kikubaaqudgha
Makhleb
Nemelex Xobeh
Okawaru
Qazlal
Ru
Sif Muna
Trog
Uskayaw
Vehumet
Xom
Yredelemnul
Zin
The Shining One

Annotations:
D:2 Sigmund
D:4 Grinder
D:5 Firecrotchwizard's ghost, novice HaFi
D:6 Kalaber's ghost, novice TrMo


Innate Abilities, Weirdness & Mutations

You can walk through water.
Your dull iron-grey scales are very hard. (AC +11)
You cannot fit into any form of body armour.
You can survive without breathing.
You are cold-blooded and may be slowed by cold attacks.


Message History

You feel very mighty all of a sudden.
Your ball python barely misses Kalaber's ghost.
Kalaber's ghost barely misses you.
You barely miss Kalaber's ghost.
Kalaber's ghost is heavily damaged.
Your ball python bites Kalaber's ghost.
Kalaber's ghost hits you!
* * * LOW HITPOINT WARNING * * *
You barely miss Kalaber's ghost.
Your tail-slap misses Kalaber's ghost.
Kalaber's ghost is heavily damaged.
Your ball python bites Kalaber's ghost.
You closely miss Kalaber's ghost.
Your tail-slap misses Kalaber's ghost.
Kalaber's ghost is heavily damaged.
Kalaber's ghost hits you.
* * * LOW HITPOINT WARNING * * *
Your ball python barely misses Kalaber's ghost.
You barely miss Kalaber's ghost. You tail-slap Kalaber's ghost.
Kalaber's ghost is heavily damaged.
Your ball python barely misses Kalaber's ghost.
Kalaber's ghost hits you!
You die...

#........# #.# #.#..#
#........# #.# #.#...
#........###########.# #.#...
#..................#.###.#.#.
#............................
#..................#.###.#.##
#######............#........[
######............##########
#..........@####### #
#..........W# # #..........S#
# #...........# #
#...........# #
#...........########
#..................# #####
#..................# .....
#..................# .....


You could see Kalaber's ghost and a friendly ball python.

Vanquished Creatures
  A sky beast (D:6)
  2 phantoms
  3 crimson imps (D:5)
  A bullfrog zombie (D:6)
  2 hounds (D:5)
  3 jellies
  An iguana (D:6)
  3 orc wizards
  Ijyb (D:2)
  A worker ant (D:4)
  4 gnolls (D:4)
  11 adders
  4 worms
  A dart slug (D:4)
  3 leopard geckos
  17 orcs
  A giant cockroach (D:3)
  2 hobgoblins
  2 jackals (D:1)
  2 quokkas
  A ball python (D:3)
  5 bats
  8 frilled lizards
  6 goblins
  5 kobolds
  10 rats
100 creatures vanquished.

Vanquished Creatures (collateral kills)
  An ogre (D:6)
  A bullfrog skeleton (D:6)
2 creatures vanquished.

Grand Total: 102 creatures vanquished

Notes
Turn   | Place    | Note
-------+----------+-------------------------------------------
     0 | D:1      | Eviona the Draconian Transmuter began the quest for the Orb.
     0 | D:1      | Reached XP level 1. HP: 16/16 MP: 3/3
   302 | D:1      | Reached XP level 2. HP: 20/23 MP: 5/5
   826 | D:2      | Reached XP level 3. HP: 27/28 MP: 4/6
   834 | D:2      | Learned a level 3 spell: Spider Form
   837 | D:2      | Learned a level 2 spell: Sticks to Snakes
  1186 | D:2      | Noticed Sigmund
  1252 | D:2      | Noticed Ijyb
  1261 | D:2      | Killed Ijyb
  1261 | D:2      | Reached XP level 4. HP: 34/35 MP: 3/7
  1941 | D:3      | Reached XP level 5. HP: 30/40 MP: 1/8
  2585 | D:4      | Reached skill level 4 in Unarmed Combat
  2852 | D:4      | Noticed Grinder
  3459 | D:4      | Reached skill level 5 in Unarmed Combat
  3520 | D:5      | Entered Level 5 of the Dungeon
  3520 | D:5      | Noticed a phantom
  3522 | D:5      | Noticed Firecrotchwizard's ghost (novice HaFi)
  3568 | D:4      | Reached XP level 6. HP: 42/47 MP: 5/9
  3628 | D:4      | Paralysed by Grinder for 3 turns
  3647 | D:4      | Paralysed by Grinder for 5 turns
  4033 | D:5      | Reached skill level 6 in Unarmed Combat
  4319 | D:5      | Found a staircase to the Ecumenical Temple.
  4319 | D:5      | Noticed an orc warrior
  4363 | D:4      | Your scales start taking on a dull iron-grey colour.
  4363 | D:4      | Reached XP level 7. HP: 21/52 MP: 6/10
  4363 | D:4      | Gained mutation: You can survive without breathing. [Grey Draconian growth]
  4572 | Temple   | Entered the Ecumenical Temple
  4670 | Temple   | Became a worshipper of Cheibriados the Contemplative
  4738 | D:5      | Reached skill level 7 in Unarmed Combat
  5260 | D:6      | Reached skill level 8 in Unarmed Combat
  5369 | D:6      | Reached XP level 8. HP: 59/59 MP: 4/11
  5375 | D:6      | Noticed Kalaber's ghost (novice TrMo)
  5427 | D:6      | Mangled by Kalaber's ghost

Skill      XL: |  1  2  3  4  5  6  7 |
---------------+----------------------+-----
Transmutations | 3 4 |  4.0
Dodging        | 3 |  3.0
Unarmed Combat | 5 6 8 |  8.8
Fighting       | |  1.1
Spellcasting   | |  2.0

Action                   |  1- 3 |  4- 6 |  7- 9 || total
-------------------------+-------+-------+-------++-------
Melee: Unarmed           |   121 |   232 |    82 ||   435
       Tailslap          |     5 |    20 |    11 ||    36
       Headbutt          |     4 |       |       ||     4
       Kick              |     3 |       |       ||     3
       Punch             |     2 |       |       ||     2
Throw: Stone             |       |    11 |     4 ||    15
 Cast: Beastly Appendage |     5 |       |       ||     5
       Spider Form       |     5 |    23 |    11 ||    39
       Sticks to Snakes  |       |       |    12 ||    12
  Use: Scroll            |       |     9 |       ||     9
       Potion            |       |       |     3 ||     3
 Stab: Sleeping          |     2 |       |       ||     2
  Eat: Chunk             |     2 |    22 |     8 ||    32
Armor: Skin              |    32 |    28 |    13 ||    73
Dodge: Dodged            |    99 |   136 |    40 ||   275
